 Dungeon Crawl Stone Soup version 0.15-a0-225-ga4013df (webtiles) character file.

438735 MrRokkomies the Devastator (level 22, -3/159 (174) HPs)
             Began as a White Draconian Ice Elementalist on Apr 1, 2014.
             Was a High Priest of Ashenzari.
             Killed by divine providence
             ... invoked by a greater mummy
             ... led by Khufu
              (16 damage)
             ... on Level 4 of the Crypt on Apr 25, 2014.
             The game lasted 07:50:33 (95764 turns).

MrRokkomies the Devastator (DrIE)                  Turns: 95764, Time: 07:50:33

HP  -3/159 (174) AC 19     Str 10      XL: 22   Next: 96%
MP  40/40        EV 30     Int 26      God: Ashenzari [*****.]
Gold 1068        SH 26     Dex 12      Spells: 11 memorised,  6 levels left

rFire  + . .     SeeInvis +     r - +12,+10 sword of Jihad {holy, *Rage rN+ EV+3 Stlth-}
rCold  + + +     Clarity  +     (armour unavailable)
rNeg   + . .     Conserve +     L - +3 shield "Briesen" {+Blink +Inv rF+ rC+}
rPois  .         rCorr    .     a - +2 hat of Supple Strength {rC++ MR+ Stlth+}
rElec  +         rRot     .     D - +2 cloak (curse)
SustAb . .       Spirit   .     k - +2 pair of gloves (curse)
rMut   .         Warding  .     O - -1 pair of boots (curse)
Saprov . . .     Stasis   .     K - cursed amulet of conservation
MR     ++...                    M - ring "Blaos" {Wiz rElec}
                                d - cursed +6 ring of evasion

@: repel missiles, about to teleport, very slightly contaminated, drained, very
resistant to hostile enchantments, fairly stealthy
A: breathe frost, unfitting armour, cold resistance 1, AC +11
a: Breathe Frost, End Transfer Knowledge, Scrying, Transfer Knowledge, Renounce
Religion, Evoke Blink, Evoke Invisibility
}: 2/15 runes: decaying, serpentine


You were on level 4 of the Crypt.
You worshipped Ashenzari.
Ashenzari was extremely pleased with you.
You were not hungry.

You visited 10 branches of the dungeon, and saw 50 of its levels.
You visited the Abyss 1 time.
You visited 1 bazaar.
You also visited: Labyrinth, Bailey and Wizlab.

You collected 5486 gold pieces.
You spent 4418 gold pieces at shops.

Inventory:

Hand weapons
 r - the +12,+10 sword of Jihad (weapon) {holy, *Rage rN+ EV+3 Stlth-}
   (You took it off a deep elf knight on level 3 of the Elven Halls)

   It has been blessed by the Shining One to cause great damage to the undead
   and demons.
   It affects your evasion (+3).
   It protects you from negative energy.
   It may make you go berserk in combat.
   It makes you much less stealthy.
Missiles
 q - 7 exploding darts (quivered)
Armour
 a - the cursed +2 hat of Supple Strength (worn) {rC++ MR+ Stlth+}
   (You acquired it on level 11 of the Dungeon)

   It greatly protects you from cold.
   It affects your resistance to hostile enchantments.
   It makes you much more stealthy.
   It has a curse placed upon it.
 k - a cursed +2 pair of gloves (worn)
 D - a cursed +2 cloak (worn)
 L - the cursed +3 shield "Briesen" (worn) {+Blink +Inv rF+ rC+}
   (You bought it in a shop on level 2 of the Elven Halls)

   It protects you from fire.
   It protects you from cold.
   It lets you turn invisible.
   It lets you blink.
   It has a curse placed upon it.
 O - a cursed -1 pair of boots (worn)
Magical devices
 c - a wand of fire (0)
 h - a wand of heal wounds (4)
 p - a wand of cold (2)
 t - a wand of lightning (3)
 y - a wand of cold (7)
 H - a wand of fireball (7)
 I - a wand of disintegration (7)
 N - a wand of digging (5)
 P - a wand of fireball (3)
 Q - a wand of invisibility (6)
 W - a wand of draining (5)
Comestibles
 v - 5 bread rations
Scrolls
 e - 2 scrolls of teleportation
 i - 5 scrolls of blinking
 j - 4 scrolls of immolation
 l - a scroll of magic mapping
 m - 4 scrolls of identify
 o - 4 scrolls of fear
 E - 7 scrolls of fog
 G - a scroll of enchant weapon II
 J - 3 scrolls of remove curse
 T - 2 scrolls of vulnerability
 X - 2 scrolls of enchant weapon I
Jewellery
 b - an uncursed ring of magical power
 d - a cursed +6 ring of evasion (left hand)
 z - the cursed ring of Qour {rPois rN+}
   (You took it off a deep elf knight on level 3 of the Elven Halls)

   [ring of poison resistance]

   It protects you from poison.
   It protects you from negative energy.
   It has a curse placed upon it.
 A - an uncursed ring of poison resistance
 B - the ring of Koitics {+Blink +Inv +Fly Str+1 SInv Stlth+}
   (You found it on level 5 of the Lair of Beasts)

   [ring of strength]

   It affects your strength (+1).
   It enhances your eyesight.
   It lets you turn invisible.
   It lets you fly.
   It lets you blink.
   It makes you much more stealthy.
 K - a cursed amulet of conservation (around neck)
 M - the ring "Blaos" (right hand) {Wiz rElec}
   (You found it on level 10 of the Dungeon)

   [ring of wizardry]

   It improves your spell success rate.
   It insulates you from electricity.
 R - an uncursed ring of protection from fire
 U - the ring of the Chupacabra {+cTele rN+ Dex+2}
   (You found it on level 15 of the Dungeon)

   [ring of teleport control]

   It can be evoked for teleport control.
   It affects your dexterity (+2).
   It protects you from negative energy.
 V - an uncursed ring of protection from magic
Potions
 u - 2 potions of resistance
 F - a potion of porridge
 Y - a potion of heal wounds
 Z - a potion of brilliance
Magical staves
 n - an uncursed staff of cold
Miscellaneous
 f - a stone of tremors
 g - a lamp of fire
 s - a phial of floods
 w - a lamp of fire
 x - an ornate deck of dungeons {the Minefield}


   Skills:
 - Level 10.0(9.8) Fighting
 * Level 12.8(12.6) Long Blades
 - Level 3.5(3.3) Staves
 - Level 14.9(18.2) Dodging
 - Level 1.7(4.3) Stealth
 - Level 10.0(12.2) Shields
 * Level 14.5(14.3) Spellcasting
 - Level 21.0(22.6) Conjurations
   Level 5.5(8.0) Hexes
 - Level 7.1(9.6) Charms
 - Level 9.0(11.3) Summonings
 - Level 4.0(6.2) Translocations
 - Level 18.9(20.7) Ice Magic
 - Level 2.2(4.1) Evocations


You had 6 spell levels left.
You knew the following spells:

 Your Spells              Type           Power        Failure   Level  Hunger
a - Ozocubu's Refrigerat  Ice            #######...   1%          6    ####...
b - Ozocubu's Armour      Chrm/Ice       #######...   1%          3    None
c - Spellforged Servitor  Conj/Summ      #######...   1%          7    ######.
d - Throw Icicle          Conj/Ice       #######.     0%          4    None
e - Haste                 Chrm           ######..     4%          6    ####...
f - Monstrous Menagerie   Summ           ######....   1%          6    ####...
g - Repel Missiles        Chrm/Air       #####.       1%          2    None
h - Blink                 Tloc           N/A          1%          2    None
i - Apportation           Tloc           ######....   1%          1    None
k - Shroud of Golubria    Chrm/Tloc      ######....   1%          2    None
l - Venom Bolt            Conj/Pois      ######....   1%          5    None


Dungeon Overview and Level Annotations

Branches:
Dungeon (15/15)            Temple (1/1) D:7             Orc (4/4) D:10
    Elf (3/3) Orc:4          Lair (8/8) D:11          Swamp (5/5) Lair:3
  Snake (5/5) Lair:5        Slime (0/6) Lair:8       Vaults (4/5) D:13
  Blade (1/1) Vaults:4      Crypt (4/5) Vaults:3       Tomb (0/3) Crypt:2
 Depths (0/5) D:15

Altars:
Ashenzari
Fedhas
Makhleb
Nemelex Xobeh
Okawaru
Sif Muna
Trog
Vehumet
Xom
Yredelemnul
Beogh
Jiyva

Shops:
D:5 *   D:8 =   D:11 ?[??(   D:12 *   D:13 [   D:15 =*=   Orc:4 *=(([   Elf:2 [
Elf:3 }?   Snake:2 [   Snake:4 }   Vaults:1 *   Vaults:4 *

Annotations:
D:7 marcus' ghost, experienced SpEn
Vaults:2 1 exclusion, Mennas
Crypt:4 exclusion: greater mummy, Khufu


Innate Abilities, Weirdness & Mutations

You can breathe waves of freezing cold.
You can buffet flying creatures when you breathe cold.
Your icy white scales are hard (AC +11).
Your body does not fit into most forms of armour.
Your cold-blooded metabolism reacts poorly to cold.
Your flesh is cold resistant.


Message History

The spectral steam dragon is bolstered by the flame.
The ghostly fireball engulfs the revenant.
The revenant is bolstered by the flame.
The ghostly fireball engulfs you! You partially resist.
* * * LOW HITPOINT WARNING * * *
Read which item? (? for menu, Esc to quit)
Blink to where?
Press: ? - help, Dir - move target cursor
As you read the scroll of blinking, it crumbles to dust.
You are very lightly contaminated with residual magic.
A lost soul comes into view.
The greater mummy casts a spell.
Your surroundings suddenly seem different.
An eidolon comes into view.
Read which item? (? for menu, Esc to quit)
As you read the scroll of teleportation, it crumbles to dust.
You feel strangely unstable.
The greater mummy points at you and mumbles some strange words.
Something smites you!
You die...

* * , #... * ** , ,
, ,,#8.< ,,,, , ,,,
#... * ,, ,,. *
###.8 *, ... ...,
##### ,,....W. ,
##### * #... , #####
#####.###### ######
#..@.......# #######
#..M...MM..# #######
#.....W....#########
#.....M........M.M.#
#####.##*........MM#
#W#*.Z.M.......# #L#
...........#
#.#*...........#
####'##...........#


You could see Khufu, a greater mummy, a revenant, an eidolon, a shadow wraith
(invisible), a spectral steam dragon, a lost soul, 2 mummies and a death drake
zombie.

Vanquished Creatures
  Sojobo (Vaults:4)
  Mara (Blade)
  A deep elf blademaster (Elf:3)
  A deep elf master archer (Elf:3)
  A lich (Vaults:2)
  2 sphinxes
  Agnes (Swamp:4)
  2 ancient champions
  Frances (D:15)
  Kirke (D:15)
  3 thorn hunters
  6 greater nagas (Snake:5)
  A revenant (Crypt:3)
  A frost giant (Vaults:4)
  A fire giant (Vaults:4)
  8 ghouls
  Maud (Swamp:1)
  10 vault wardens
  15 deep elf sorcerers
  Aizul (Snake:2)
  Louise (Swamp:3)
  7 stone giants
  8 deep elf demonologists
  11 deep elf annihilators
  A dire elephant (Lair:8)
  Azrael (D:15)
  A curse skull (Crypt:2)
  3 vampire knights
  2 ettins
  6 deep elf death magi
  Snorg (Swamp:4)
  3 eidola (Crypt:2)
  5 jiangshi
  A mummy priest (Crypt:2)
  16 vault guards
  A quicksilver dragon zombie (Crypt:2)
  Josephine (Elf:1)
  4 deep elf high priests (Elf:3)
  7 yaktaur captains
  6 great orbs of eyes
  2 fire dragons
  9 ironheart preservers
  A quicksilver dragon skeleton (Crypt:1)
  20 hydras
  16 naga warriors
  4 statues (WizLab)
  11 ogre magi
  A rakshasa (D:15)
  2 ravenous feature mimics
  21 dancing weapons
  7 anacondas
  2 shambling mangroves
  2 deep dwarf death knights
  A deep troll shaman (D:15)
  8 alligators
  11 death yaks
  3 orc high priests
  2 spectral elves (Elf:3)
  10 naga sharpshooters
  2 titan zombies (Crypt:2)
  8 shock serpents
  3 vampire magi
  A soul eater (Crypt:1)
  2 tengu warriors (D:15)
  A wretched star (Abyss:1)
  4 salamander mystics
  A fire crab (Vaults:3)
  A titan skeleton (Crypt:3)
  A very ugly thing (Vaults:3)
  2 iron trolls
  9 centaur warriors
  27 skeletal warriors
  25 deep elf knights
  9 sea snakes (Snake:5)
  5 flayed ghosts
  5 shadow wraiths
  3 unseen horrors
  3 spriggan druids
  8 naga ritualists
  10 swamp dragons
  A water nymph (shapeshifter) (Elf:3)
  17 ironbrand convokers
  A deep troll (Vaults:2)
  Pikel (D:9)
  10 deep elf summoners
  4 necromancers
  11 orc knights
  6 hill giants
  12 mana vipers
  3 phantasmal warriors
  A stone giant zombie (Crypt:3)
  7 salamanders
  5 orc sorcerers
  A harpy (Vaults:1)
  19 deep elf conjurers
  4 red wasps
  4 manticores
  2 elephants
  5 cyclopes
  3 iron dragon skeletons
  8 griffons
  7 vault sentinels
  3 sixfirhies (Elf:3)
  37 black mambas
  3 wolf spiders
  2 guardian serpents (shapeshifter)
  An elephant (shapeshifter) (D:15)
  9 guardian serpents (Snake:5)
  A titan simulacrum (Crypt:3)
  5 feature mimics
  4 removed MONS_VAPOURs
  A grey draconian zombie (Crypt:2)
  19 naga magi
  4 kobold demonologists
  An orange demon (Elf:3)
  A gargoyle (D:15)
  An emperor scorpion zombie (Crypt:2)
  15 spiny frogs
  A purple draconian skeleton (Crypt:1)
  A red draconian zombie (Crypt:2)
  An anaconda simulacrum (Crypt:1)
  An iron devil (D:10)
  An efreet (D:15)
  A centaur zombie (D:13)
  2 spectral catoblepas
  A black draconian skeleton (Crypt:1)
  A queen bee (shapeshifter) (Vaults:4)
  15 yaktaurs
  A sea snake skeleton (Crypt:2)
  2 grey draconian skeletons
  An iron troll zombie (Crypt:3)
  A red devil (Vaults:2)
  9 trolls
  A centaur skeleton (D:15)
  11 deep elf priests
  A giant firefly (shapeshifter) (Vaults:3)
  6 giant fireflies
  3 guardian mummies (Crypt:2)
  A hydra zombie (D:15)
  A merfolk (Lair:5)
  9 freezing wraiths
  4 giant leeches
  3 silent spectres
  4 jumping spiders
  A harpy zombie (Crypt:3)
  Sonja (Orc:4)
  4 boggarts (Vaults:2)
  A wolf spider simulacrum (Crypt:1)
  A wind drake (shapeshifter) (Elf:2)
  9 komodo dragons
  2 small abominations (Elf:3)
  12 baby alligators
  6 boulder beetles
  A hydra skeleton (D:15)
  A tarantella zombie (Crypt:4)
  12 bog bodies
  24 blink frogs
  27 slime creatures
  A boulder beetle (shapeshifter) (Vaults:4)
  A black mamba zombie (Crypt:3)
  An ettin zombie (Crypt:2)
  2 baby alligators (shapeshifter)
  A frost giant simulacrum (Crypt:1)
  A grizzly bear (shapeshifter) (Vaults:2)
  7 spriggans
  6 ravens
  5 basilisks
  14 two-headed ogres
  4 vampires
  5 removed MONS_THORN_LOTUSs
  8 shadows
  2 fire elementals (D:15)
  19 redbacks
  5 wyverns
  2 ettin skeletons
  16 flying skulls
  6 wraiths
  18 yaks
  2 hogs (D:15)
  A fire dragon skeleton (Crypt:3)
  A green draconian simulacrum (Crypt:3)
  An elephant slug (Lair:6)
  A yak (shapeshifter) (Vaults:4)
  5 trapdoor spiders
  6 sharks
  A hippogriff (shapeshifter) (Elf:2)
  Eustachio (D:8)
  4 tarantellas
  32 deep elf magi
  A hill giant zombie (D:9)
  2 water elementals (D:13)
  22 ugly things
  A ynoxinul (Elf:3)
  12 hippogriffs
  6 hungry ghosts
  36 deep elf fighters
  70 nagas
  An ugly thing zombie (Vaults:3)
  3 wolves (Lair:5)
  A golden eye (shapeshifter) (D:13)
  6 hell hounds (D:15)
  5 wargs
  A putrid demonspawn zombie (Crypt:1)
  A steam dragon (D:11)
  Menkaure (D:6)
  3 hill giant skeletons
  28 swamp worms
  A mottled dragon (shapeshifter) (Vaults:3)
  A soldier ant (D:13)
  3 mottled dragons
  4 necrophages
  24 vampire mosquitoes
  42 orc warriors
  A soldier ant (shapeshifter) (Vaults:3)
  3 porcupines
  A deep troll skeleton (Vaults:2)
  22 swamp drakes
  A human simulacrum (Vaults:2)
  A swamp dragon zombie (Crypt:1)
  22 water moccasins
  A black bear (D:11)
  2 elf zombies (Elf:1)
  2 giant goldfish
  3 ice beasts
  A manticore zombie (Crypt:1)
  A slave (D:9)
  2 sky beasts
  2 ettin simulacra
  A manticore skeleton (Crypt:3)
  2 boring beetles
  3 phantoms
  44 ogres
  A swamp dragon skeleton (Crypt:2)
  10 centaurs
  A lost soul (Crypt:2)
  A boring beetle (shapeshifter) (Vaults:3)
  An elf skeleton (Elf:1)
  17 crocodiles
  14 giant slugs
  3 big kobolds
  A draconian zombie (Crypt:2)
  A fire crab zombie (Crypt:1)
  A hog skeleton (Crypt:1)
  A fire drake skeleton (Crypt:4)
  A yaktaur zombie (D:14)
  21 giant frogs
  A silver statue (Vaults:4)
  A gnoll sergeant (D:9)
  21 insubstantial wisps
  A yaktaur skeleton (D:15)
  2 cyclops skeletons
  A spriggan zombie (Crypt:2)
  A killer bee (D:14)
  5 scorpions
  5 wights
  2 spriggan skeletons (Lab)
  A raiju skeleton (Crypt:2)
  A wolf zombie (Crypt:3)
  7 electric eels
  6 crimson imps
  20 hounds
  2 quasits (D:10)
  4 goliath beetles
  9 big fish
  2 kobold zombies
  23 orc priests
  2 basilisk zombies
  A goliath beetle (shapeshifter) (Vaults:4)
  A gnoll shaman (D:9)
  2 jellies
  An iron imp (Vaults:2)
  A two-headed ogre skeleton (Crypt:2)
  A giant frog skeleton (D:13)
  27 orc wizards
  A boulder beetle simulacrum (Vaults:2)
  12 worker ants
  13 iguanas
  7 orange rats
  7 sheep
  A brain worm zombie (D:14)
  An ogre zombie (D:10)
  Ijyb (D:2)
  A big kobold zombie (D:6)
  A necrophage skeleton (Crypt:3)
  An ogre skeleton (D:11)
  2 elf simulacra (Elf:1)
  A mummy (D:5)
  An orange rat skeleton (Crypt:1)
  A worker ant zombie (D:11)
  34 adders
  15 gnolls
  62 green rats
  A scorpion zombie (Crypt:3)
  A steam dragon zombie (Crypt:2)
  A shadow imp (D:14)
  3 goliath beetle zombies
  2 giant mites
  11 worms
  An ufetubus (Elf:3)
  A lava snake zombie (Crypt:3)
  7 giant eyeballs
  8 giant geckos
  An ooze (D:3)
  167 orcs
  3 bat zombies
  4 giant cockroaches
  16 hobgoblins
  37 jackals
  19 kobolds
  7 quokkas
  5 ball pythons
  21 bats
  A giant gecko skeleton (Crypt:3)
  9 giant newts
  2 giant spores
  28 goblins
  A hobgoblin zombie (D:8)
  A jackal zombie (D:6)
  An orc skeleton (D:4)
  5 orc zombies
  15 rats
  2 rat skeletons
  7 ballistomycetes
  2 briar patches (Swamp:2)
  6 plants
2184 creatures vanquished.

Vanquished Creatures (collateral kills)
  A tentacled monstrosity (Vaults:2)
  A deep elf blademaster (Elf:3)
  A storm dragon (D:15)
  An ancient champion (Crypt:2)
  Roxanne (Swamp:4)
  A frost giant (D:15)
  Donald (Swamp:3)
  A ghoul (Crypt:3)
  Wiglaf (Crypt:3)
  A vault warden (Vaults:1)
  Gastronok (Lair:3)
  An orc warlord (Orc:4)
  The ghost of marcus the Bludgeoner, a powerful FoFi of Makhleb (Orc:4)
  2 dire elephants (Lair:8)
  A jiangshi (Crypt:2)
  A fire dragon (Vaults:1)
  A deep elf death mage (Elf:3)
  A minotaur (Lab)
  2 ironheart preservers
  4 vault guards
  Fannar (D:11)
  A yaktaur captain (Vaults:1)
  Harold (D:13)
  A shambling mangrove (Swamp:3)
  A rakshasa (D:15)
  A statue (WizLab)
  A naga warrior (Snake:5)
  3 hydras
  2 anacondas
  7 death yaks
  A deep dwarf death knight (Crypt:3)
  15 dancing weapons
  Urug (D:11)
  A spectral elf (Elf:3)
  A naga sharpshooter (Snake:2)
  A centaur warrior (D:11)
  7 skeletal warriors
  An ironbrand convoker (Vaults:4)
  2 deep elf conjurers
  Joseph (D:9)
  A cyclops (D:11)
  2 griffons
  3 hill giants (D:11)
  A stone giant zombie (Crypt:3)
  3 orc knights
  A guardian serpent (shapeshifter) (D:15)
  2 mana vipers
  4 black mambas
  3 elephants (Lair:8)
  2 vault sentinels (Vaults:1)
  2 spiny frogs
  A gargoyle (D:13)
  2 yaktaurs (Vaults:1)
  2 centaur zombies
  3 guardian mummies (Crypt:2)
  3 komodo dragons
  2 freezing wraiths (Crypt:3)
  2 two-headed ogres
  4 trolls
  2 giant fireflies
  11 blink frogs
  4 slime creatures (Vaults:1)
  A basilisk (Lair:3)
  30 yaks
  2 spriggans
  2 deep elf magi (Elf:3)
  2 sharks (Lair:6)
  A wyvern (D:11)
  5 vampire mosquitoes
  4 wraiths
  4 hungry ghosts
  3 swamp worms
  3 wolves (Lair:5)
  2 nagas
  A water moccasin (Lair:5)
  A yellow wasp (D:11)
  8 orc warriors
  An ice beast (shapeshifter) (Vaults:1)
  A centaur (D:15)
  A giant goldfish (Swamp:2)
  2 ice beasts
  5 ogres
  A brain worm (D:15)
  4 giant slugs
  A giant frog (D:11)
  A big kobold (D:10)
  A yak zombie (D:11)
  4 killer bees (D:14)
  3 wights (D:11)
  3 crimson imps
  4 big fish
  3 orc priests
  An iguana (Lair:3)
  A hound (D:11)
  5 orc wizards
  An adder (Lair:3)
  A gnoll (D:8)
  A giant mite (Lair:2)
  5 green rats
  A worm (D:8)
  A giant gecko (D:11)
  9 orcs
  A bat (D:10)
  2 jackals (Lair:2)
  6 kobolds
  A fungus (Orc:4)
  A plant (Lair:8)
276 creatures vanquished.

Vanquished Creatures (others)
  A tengu reaver (Vaults:4)
  6 spellforged servitors
  14 harpies
  6 manticores
  10 lindwurms
  A smoke demon (Elf:3)
  A water elemental (Vaults:4)
  A fire elemental (Vaults:4)
  A two-headed ogre (Vaults:4)
  2 shadows
  A black mamba skeleton (Crypt:1)
  A wyvern (D:9)
  A deep elf fighter (Vaults:1)
  A human (D:15)
  A slave (D:9)
  A vampire mosquito (Swamp:2)
  A sky beast (D:15)
  An ogre (Vaults:2)
  2 lost souls
  A centaur (D:9)
  17 ice beasts
  An insubstantial wisp (Swamp:2)
  An iron imp (Abyss:1)
  An orc wizard (D:9)
  An adder (D:9)
  2 ufetubi (Elf:3)
  A kobold (D:11)
  A bat (D:9)
  2 giant spores
  12 fungi
  4 plants
97 creatures vanquished.

Grand Total: 2557 creatures vanquished

Notes
Turn   | Place    | Note
--------------------------------------------------------------
     0 | D:1      | MrRokkomies, the Draconian Ice Elementalist, began the quest for the Orb.
     0 | D:1      | Reached XP level 1. HP: 14/14 MP: 3/3
   128 | D:1      | Reached XP level 2. HP: 8/20 MP: 4/4
   948 | D:2      | Reached XP level 3. HP: 22/26 MP: 6/6
  1025 | D:2      | Learned a level 3 spell: Ozocubu's Armour
  1480 | D:2      | HP: 1/26 [worm (12)]
  1482 | D:2      | Reached XP level 4. HP: 1/33 MP: 6/9
  1998 | D:2      | Reached skill level 4 in Ice Magic
  2054 | D:2      | Noticed Ijyb
  2073 | D:2      | Killed Ijyb
  2199 | D:2      | Learned a level 4 spell: Summon Ice Beast
  2279 | D:2      | Found a shimmering altar of Xom.
  2308 | D:3      | Reached XP level 5. HP: 33/38 MP: 4/13
  2316 | D:3      | Learned a level 4 spell: Throw Icicle
  2368 | D:3      | Found a bloodstained altar of Trog.
  3084 | D:3      | Reached XP level 6. HP: 45/45 MP: 12/15
  3642 | D:4      | Reached skill level 5 in Ice Magic
  4053 | D:4      | Your scales start taking on an icy white colour.
  4053 | D:4      | Gained mutation: Your flesh is cold resistant. [draconian maturity]
  4053 | D:4      | Reached skill level 6 in Ice Magic
  4053 | D:4      | Reached XP level 7. HP: 50/50 MP: 13/17
  4086 | D:5      | Entered Level 5 of the Dungeon
  4283 | D:5      | Reached skill level 7 in Ice Magic
  4342 | D:5      | Found Odotioni's Elemental Accessories.
  4388 | D:5      | Reached skill level 5 in Dodging
  5435 | D:5      | Reached XP level 8. HP: 51/57 MP: 15/18
  5482 | D:5      | Reached skill level 8 in Ice Magic
  6741 | D:6      | Reached skill level 9 in Ice Magic
  6928 | D:6      | Got a slimy dagger
  6949 | D:6      | Identified the +3,+8 dagger of the Mosquito {stab, rC- rN+ Int+2} (You found it on level 6 of the Dungeon)
  7272 | D:6      | Noticed Menkaure
  7306 | D:6      | Killed Menkaure
  7582 | D:7      | Reached XP level 9. HP: 62/62 MP: 15/20
  7702 | D:7      | Noticed marcus' ghost (experienced SpEn)
  8005 | D:8      | Reached skill level 5 in Spellcasting
  8078 | D:8      | Noticed Eustachio
  8087 | D:8      | Killed Eustachio
  8107 | D:8      | Found a flagged portal.
  8130 | Bailey   | Entered a bailey
  9464 | Bailey   | Noticed an orc knight
  9489 | Bailey   | Killed an orc knight
  9764 | D:8      | Found Shagh's Jewellery Boutique.
  9989 | D:5      | Bought an uncursed staff of cold for 300 gold pieces
 10070 | D:7      | Found a staircase to the Ecumenical Temple.
 10084 | Temple   | Entered the Ecumenical Temple
 10093 | Temple   | Became a worshipper of Ashenzari the Shackled
 10636 | D:9      | Noticed Joseph
 10830 | D:8      | Killed a staircase mimic
 10830 | D:8      | Reached XP level 10. HP: 28/69 MP: 24/24
 11066 | D:9      | Reached skill level 10 in Dodging
 11164 | D:8      | Reached skill level 1 in Staves
 11201 | D:9      | Reached skill level 1 in Fighting
 11537 | D:9      | Noticed Pikel
 11544 | D:9      | Killed Pikel
 11963 | D:9      | Killed Joseph
 12458 | D:9      | Reached skill level 5 in Fighting
 12645 | D:9      | Reached skill level 5 in Staves
 12772 | D:9      | Found a basalt altar of Yredelemnul.
 12772 | D:9      | Found a burning altar of Makhleb.
 12899 | D:10     | Entered Level 10 of the Dungeon
 13392 | D:10     | Learned a level 5 spell: Metabolic Englaciation
 13496 | D:10     | Reached XP level 11. HP: 75/91 MP: 23/26
 13547 | D:10     | Found a roughly hewn altar of Beogh.
 13551 | D:10     | Found a staircase to the Orcish Mines.
 13687 | D:11     | Noticed Urug
 13733 | D:11     | Found a staircase to the Lair.
 13853 | Lair:1   | Entered Level 1 of the Lair of Beasts
 13887 | Lair:1   | Reached skill level 5 in Hexes
 13887 | Lair:1   | Reached XP level 12. HP: 100/100 MP: 27/27
 13888 | Lair:1   | Upgraded the game from 0.15-a0-33-ga435e27 to 0.15-a0-35-ga771cbd
 13965 | Lair:1   | Reached skill level 1 in Summonings
 14951 | Lair:1   | Reached skill level 10 in Ice Magic
 15007 | D:11     | Noticed Fannar
 15205 | D:11     | Killed Fannar
 15327 | D:11     | Found Esaate's Antique Weapon Shoppe.
 15347 | D:11     | Noticed a hill giant
 15353 | D:11     | Killed a hill giant
 15388 | D:11     | Found Fots' Magic Scroll Boutique.
 15399 | D:11     | Bought a scroll of identify for 30 gold pieces
 15399 | D:11     | Bought a scroll of identify for 30 gold pieces
 15399 | D:11     | Bought a scroll of identify for 30 gold pieces
 15574 | D:11     | Reached skill level 11 in Ice Magic
 15713 | D:11     | Killed an unseen horror
 15891 | D:11     | Found a radiant altar of Vehumet.
 15929 | D:11     | Noticed a centaur warrior
 15929 | D:11     | Noticed a hill giant
 15933 | D:11     | Killed a centaur warrior
 15934 | D:11     | Noticed an eight-headed hydra
 15947 | D:11     | Killed a hill giant
 16285 | D:11     | Killed Urug
 16434 | D:11     | Found Senut's Magic Scroll Emporium.
 16594 | D:11     | Noticed an ogre mage
 16598 | D:11     | Killed an ogre mage
 16598 | D:11     | Reached skill level 12 in Ice Magic
 16727 | D:11     | Paralysed by a giant eyeball for 3 turns
 16788 | D:11     | Killed an eight-headed hydra
 16788 | D:11     | Reached skill level 5 in Summonings
 17314 | D:11     | Noticed a hill giant
 17349 | D:11     | Killed a hill giant
 17549 | D:11     | Found Daeteecw's Magic Scroll Emporium.
 17635 | D:11     | Found Nuulefrakew's Armour Emporium.
 17813 | D:10     | Identified the amulet "Cucun" {+Rage Int-1}
 17885 | D:10     | Reached XP level 13. HP: 95/105 MP: 18/29
 17896 | D:10     | Identified the ring "Blaos" {Wiz rElec}
 18330 | D:11     | Reached XP level 14. HP: 113/113 MP: 13/30
 18347 | Lair:1   | Learned a level 6 spell: Monstrous Menagerie
 18353 | Lair:1   | Learned a level 5 spell: Shadow Creatures
 19573 | Lair:3   | Found a labyrinth entrance.
 19582 | Lab      | Entered a labyrinth
 20583 | Lair:3   | Learned a level 2 spell: Blink
 20724 | Lair:3   | Noticed Gastronok
 20855 | Lair:3   | Killed Gastronok
 21080 | Lair:1   | Learned a level 1 spell: Apportation
 21093 | Lair:1   | Upgraded the game from 0.15-a0-35-ga771cbd to 0.15-a0-53-g5e01d95
 21098 | Lair:1   | Learned a level 2 spell: Repel Missiles
 21101 | Lair:1   | Learned a level 2 spell: Swiftness
 21289 | Lair:3   | Found a staircase to the Swamp.
 22014 | Lair:4   | Acquired Ashenzari's first power
 23387 | Lair:5   | Found a staircase to the Snake Pit.
 23813 | Lair:5   | Found a staircase to the Shoals.
 23938 | Lair:5   | the staircase to the Shoals was a mimic.
 24302 | Lair:5   | Identified the ring of Koitics {+Blink +Inv +Fly Str+1 SInv Stlth+}
 25503 | Lair:6   | Acquired Ashenzari's second power
 26872 | D:11     | Bought a scroll of acquirement for 780 gold pieces
 26873 | D:11     | Identified the cursed +2 hat of Supple Strength {rC++ MR+ Stlth+} (You acquired it on level 11 of the Dungeon)
 26948 | Orc:1    | Entered Level 1 of the Orcish Mines
 27328 | Orc:2    | Found a radiant altar of Vehumet.
 28018 | Orc:1    | Acquired Ashenzari's third power
 29528 | D:8      | Bought a +6 ring of evasion for 1014 gold pieces
 30282 | Lair:7   | Reached skill level 5 in Conjurations
 31154 | Lair:7   | Reached skill level 13 in Dodging
 31396 | Lair:8   | Entered Level 8 of the Lair of Beasts
 32072 | Lair:7   | Reached XP level 15. HP: 115/118 MP: 15/31
 32507 | Lair:8   | Identified the +6,+3 quarterstaff "Foboczi" {flame, SInv Stlth+}
 32556 | Lair:8   | Found a viscous altar of Jiyva.
 32556 | Lair:8   | Found a staircase to the Slime Pits.
 34458 | Lair:8   | Identified the cursed +4,+7 bardiche of Dissatisfaction {freeze, rC+ Int-4}
 34921 | Lair:1   | Upgraded the game from 0.15-a0-53-g5e01d95 to 0.15-a0-60-g2d7d1c5
 35032 | Orc:4    | Entered Level 4 of the Orcish Mines
 35223 | Orc:4    | Found a staircase to the Elven Halls.
 35437 | Orc:4    | Found an iron altar of Okawaru.
 35458 | Orc:4    | Found Hideacae's Antique Armour Shop.
 35460 | Orc:4    | Noticed Sonja
 35723 | Orc:4    | Killed Sonja
 35868 | Orc:4    | Noticed marcus' ghost (powerful FoFi)
 35985 | Orc:4    | Killed marcus' ghost
 36115 | Orc:4    | Bought a shiny shield for 112 gold pieces
 36458 | Orc:4    | Found Kaustakh's Antique Weapon Boutique.
 36508 | Orc:4    | Found Striocs' Weapon Boutique.
 37229 | Orc:4    | Found Schir's General Store.
 37409 | Orc:4    | Reached skill level 10 in Conjurations
 37415 | Orc:4    | Found Siam's Jewellery Shop.
 37563 | Orc:4    | Bought an uncursed ring of protection from magic for 350 gold pieces
 37855 | D:12     | Reached skill level 14 in Dodging
 37964 | D:12     | Found Neogg's General Store.
 38512 | D:13     | Found a gate to the Vaults.
 38719 | D:13     | Found a deep blue altar of Sif Muna.
 39424 | D:13     | Noticed a tengu reaver
 39881 | D:13     | Noticed Harold
 39911 | D:13     | Killed Harold
 40292 | D:13     | Found Maidud's Antique Armour Emporium.
 40754 | D:13     | Reached XP level 16. HP: 122/126 MP: 4/32
 40930 | D:14     | Acquired Ashenzari's fourth power
 41129 | D:14     | Reached skill level 1 in Shields
 42207 | D:15     | Entered Level 15 of the Dungeon
 42262 | D:15     | Found Clepargh's General Store.
 42271 | D:15     | Bought a potion of heal wounds for 54 gold pieces
 42396 | D:15     | Noticed a storm dragon
 42420 | D:15     | Killed a storm dragon
 42555 | D:15     | Identified the cursed ring of Puycvuo {Str+4 Dam-2}
 42910 | D:15     | Found a staircase to the Depths.
 43276 | D:15     | Found Reikhleupn's Jewellery Boutique.
 43297 | D:15     | Bought an uncursed ring of protection from fire for 275 gold pieces
 43527 | D:15     | Noticed Frances
 43852 | D:15     | Reached skill level 5 in Shields
 44542 | D:15     | Identified the ring of the Chupacabra {+cTele rN+ Dex+2}
 44956 | D:15     | Noticed Azrael
 44965 | D:15     | Killed Azrael
 45307 | D:15     | Killed Frances
 45775 | D:15     | Noticed Kirke
 45784 | D:15     | Killed Kirke
 46080 | D:15     | Identified the ring "Skaim" {MP+9 Str+4 Dex+2 Int+3} (You took it off an orc on level 15 of the Dungeon)
 46387 | D:15     | Found Moas' Jewellery Shop.
 46572 | D:15     | Identified a +1 rod of striking (10/10) (You found it in a labyrinth)
 46786 | Lair:1   | Learned a level 2 spell: Shroud of Golubria
 46915 | Swamp:1  | Entered Level 1 of the Swamp
 47502 | Swamp:1  | Identified the +4,+10 hand axe of Upheaval {drain, MR++ Str-2 SInv}
 47509 | Swamp:1  | Noticed Maud
 47572 | Swamp:1  | Reached XP level 17. HP: 117/132 MP: 33/33
 47680 | Swamp:1  | Killed Maud
 49297 | Swamp:2  | Cast into the Abyss (spriggan rider)
 49457 | Swamp:2  | Escaped the Abyss
 50612 | Swamp:2  | Reached skill level 10 in Spellcasting
 50753 | Swamp:3  | Noticed Louise
 50791 | Swamp:3  | Killed Louise
 51635 | Swamp:3  | Noticed Donald
 51646 | Swamp:3  | Killed Donald
 52454 | Swamp:4  | Reached skill level 10 in Shields
 52630 | Swamp:4  | Noticed Snorg
 52643 | Swamp:4  | Killed Snorg
 53013 | Swamp:4  | Learned a level 5 spell: Venom Bolt
 53548 | Swamp:4  | Noticed Roxanne
 53603 | Swamp:4  | Killed Roxanne
 53607 | Swamp:4  | Identified Roxanne's Collected Works on the Mutagenic Mountains (You took it off Roxanne on level 4 of the Swamp)
 53795 | Swamp:4  | Noticed Agnes
 53806 | Swamp:4  | Killed Agnes
 53957 | Swamp:4  | Identified the cursed +2 hat of Nevaleev {Str+5 Dex+2} (You acquired it on level 4 of the Swamp)
 54828 | Swamp:5  | Entered Level 5 of the Swamp
 55393 | Swamp:5  | Reached skill level 1 in Translocations
 56347 | Swamp:5  | Reached XP level 18. HP: 131/144 MP: 3/36
 56529 | Swamp:5  | Got a decaying rune of Zot
 57185 | Lair:1   | Learned a level 7 spell: Spellforged Servitor
 57240 | Vaults:1 | Entered Level 1 of the Vaults
 57693 | Vaults:1 | Reached skill level 10 in Fighting
 57831 | Vaults:1 | Reached skill level 1 in Charms
 58118 | Vaults:1 | Reached skill level 1 in Evocations
 58499 | Vaults:1 | Found Cuimiyx's Assorted Antiques.
 58513 | Vaults:1 | Bought a potion of heal wounds for 99 gold pieces
 58513 | Vaults:1 | Bought a bone ring for 165 gold pieces
 59608 | Vaults:1 | Reached skill level 5 in Charms
 59773 | Vaults:1 | Upgraded the game from 0.15-a0-60-g2d7d1c5 to 0.15-a0-90-g85a0ca6
 60114 | Snake:1  | Entered Level 1 of the Snake Pit
 60202 | Snake:1  | Found a blossoming altar of Fedhas.
 60693 | Snake:1  | Identified the cursed +2,+0 falchion "Newtslayer" {flame, +Blink +Inv Str-2}
 60816 | Snake:1  | Identified the +3,+6 falchion "Nicuowa" {venom, rN+ Dex+1 Int-2}
 61418 | Lair:1   | Learned a level 6 spell: Ozocubu's Refrigeration
 61934 | Snake:2  | Noticed Aizul
 61935 | Snake:2  | Found Arphaech's Armour Shoppe.
 61952 | Snake:2  | Killed Aizul
 62103 | Snake:2  | Bought a +0 pair of boots for 58 gold pieces
 63713 | Snake:3  | Found an iron altar of Okawaru.
 65417 | Snake:4  | Reached skill level 15 in Conjurations
 65577 | Snake:4  | Found Tymu's Gadget Shop.
 66173 | Snake:4  | Reached XP level 19. HP: 141/154 MP: 14/37
 66465 | Snake:5  | Entered Level 5 of the Snake Pit
 67044 | Snake:5  | Identified the cursed -2 pair of gloves "Jilaxema" {rC+} (You acquired it on level 5 of the Snake Pit)
 67562 | Snake:5  | Reached skill level 15 in Ice Magic
 69041 | Snake:5  | Reached skill level 16 in Ice Magic
 69662 | Snake:5  | Got a serpentine rune of Zot
 70408 | Elf:1    | Entered Level 1 of the Elven Halls
 71075 | Elf:1    | Noticed Josephine
 71079 | Elf:1    | Killed Josephine
 71200 | Elf:1    | Identified the +6,+4 scythe "Twoyh" {slice, +Fly rN+ Stlth+}
 71883 | Elf:2    | Reached skill level 17 in Ice Magic
 71897 | Elf:2    | Found Toemohe Tets' Antique Armour Boutique.
 71915 | Elf:2    | Bought a dazzling shield for 209 gold pieces
 71915 | Elf:2    | Identified the +3 shield "Briesen" {+Blink +Inv rF+ rC+} (You bought it in a shop on level 2 of the Elven Halls)
 72444 | Elf:2    | Upgraded the game from 0.15-a0-90-g85a0ca6 to 0.15-a0-187-g0bb430c
 72712 | Elf:3    | Entered Level 3 of the Elven Halls
 72730 | Elf:3    | Found Ryfye's Magic Scroll Shop.
 72816 | Elf:3    | Reached XP level 20. HP: 138/161 MP: 31/37
 72995 | Elf:3    | Identified the Handbook of Summoning
 73199 | Elf:3    | Found Tiadoluh's Gadget Emporium.
 75154 | Elf:3    | Reached skill level 18 in Ice Magic
 76123 | Elf:3    | Identified the cursed +3,+0 long sword "Uteudutu" {slice, Dex+1} (You took it off a deep elf fighter on level 3 of the Elven Halls)
 76443 | Elf:3    | Got a cursed flickering golden ring
 76604 | Elf:3    | Identified the Grimoire of Confrontation
 76624 | Elf:3    | Identified the +7,+6 flail of the Old World {crush, Noisy Str+4}
 77402 | Vaults:2 | Found a flickering gateway to a bazaar.
 77412 | Bazaar   | Entered a bazaar
 77414 | Bazaar   | Found Leomug's Antique Weapon Boutique.
 77417 | Bazaar   | Found Watu Wac's Weapon Boutique.
 77418 | Bazaar   | Found Stoqociw's Antique Armour Boutique.
 77418 | Bazaar   | Found Smekebb's Gadget Boutique.
 77448 | Vaults:2 | Identified the cursed ring of Qour {rPois rN+} (You took it off a deep elf knight on level 3 of the Elven Halls)
 78319 | Vaults:2 | Noticed Mennas
 79567 | Vaults:2 | Reached XP level 21. HP: 155/168 MP: 27/39
 79586 | Vaults:2 | Learned a level 5 spell: Iskenderun's Battlesphere
 80915 | Vaults:3 | Reached skill level 19 in Conjurations
 81091 | Vaults:3 | Found a staircase to the Crypt.
 83057 | Vaults:4 | Paralysed by a red wasp for 3 turns
 83678 | Vaults:4 | Found a staircase to the Hall of Blades.
 84067 | Vaults:4 | Noticed Sojobo
 84067 | Vaults:4 | Reached skill level 20 in Conjurations
 84259 | Vaults:4 | Killed Sojobo
 84805 | Vaults:4 | Found Moucipe's Assorted Antiques.
 85671 | Elf:3    | Identified the cursed -2 large shield "Pomeerao" {+Fly Acc+4} (You took it off a deep elf high priest on level 3 of the Elven Halls)
 85774 | Elf:3    | Bought a wand of heal wounds (4) for 912 gold pieces
 85807 | Elf:3    | Identified the cursed -2 large shield "Pomeerao" {+Fly Acc+4} (You took it off a deep elf high priest on level 3 of the Elven Halls)
 85807 | Elf:3    | Identified a +1 rod of striking (10/10) (You found it in a labyrinth)
 86114 | Lair:1   | Learned a level 6 spell: Haste
 86442 | Blade    | Entered the Hall of Blades
 86955 | Blade    | Reached XP level 22. HP: 140/174 MP: 13/39
 87083 | Blade    | Reached skill level 21 in Conjurations
 87802 | Blade    | Noticed Mara
 87946 | Blade    | Noticed MrRokkomies' illusion
 87952 | Blade    | Killed Mara
 88320 | Crypt:1  | Entered Level 1 of the Crypt
 88485 | Crypt:1  | Found a magical portal.
 88490 | WizLab   | Entered a wizard's laboratory
 89496 | Lair:1   | Upgraded the game from 0.15-a0-187-g0bb430c to 0.15-a0-217-g70ad64b
 90033 | Crypt:1  | Reached skill level 1 in Long Blades
 91260 | Crypt:1  | Reached skill level 5 in Long Blades
 92140 | Crypt:2  | Found a staircase to the Tomb.
 93032 | Crypt:2  | Reached skill level 10 in Long Blades
 93173 | Crypt:2  | Upgraded the game from 0.15-a0-217-g70ad64b to 0.15-a0-225-ga4013df
 93741 | Crypt:3  | Noticed Wiglaf
 93755 | Crypt:3  | Killed Wiglaf
 93940 | Crypt:3  | Reduced skill Staves to level 5
 95628 | Crypt:4  | Noticed Khufu
 95628 | Crypt:4  | Noticed a greater mummy
 95764 | Crypt:4  | Killed from afar by a greater mummy

Action                   |  1- 3 |  4- 6 |  7- 9 | 10-12 | 13-15 | 16-18 | 19-21 | 22-24 || total
-------------------------+-------+-------+-------+-------+-------+-------+-------+-------++-------
Melee: Unarmed           |    47 |       |       |       |       |       |       |       ||    47
       Dagger            |    37 |       |       |       |       |       |       |       ||    37
       Short sword       |    87 |   110 |   298 |       |       |       |       |       ||   495
       Falchion          |       |    43 |    97 |       |       |       |       |       ||   140
       War axe           |       |       |     6 |       |       |       |       |       ||     6
       Staff             |       |       |    27 |   529 |  1567 |  1752 |  1148 |   101 ||  5124
       Glaive            |       |       |    11 |       |       |       |       |       ||    11
       Eudemon blade     |       |       |       |       |       |       |       |  1025 ||  1025
 Fire: Blowgun           |       |    40 |    48 |       |       |       |       |       ||    88
       Sling             |       |     4 |    62 |       |       |       |       |       ||    66
       Crossbow          |       |       |    80 |       |       |       |       |       ||    80
Throw: Tomahawk          |       |       |     4 |    10 |       |       |       |       ||    14
       Dart              |       |       |     1 |       |    15 |       |       |       ||    16
 Cast: Freeze            |    27 |    78 |   107 |   283 |   658 |   153 |       |       ||  1306
       Throw Icicle      |       |       |     1 |    88 |   378 |   716 |   380 |   101 ||  1664
       Summon Ice Beast  |       |       |     7 |    50 |    51 |     1 |       |       ||   109
       Ozocubu's Armour  |       |       |     5 |     7 |    22 |    15 |     1 |     8 ||    58
       Metabolic Englaci |       |       |       |     2 |     2 |     3 |       |       ||     7
       Monstrous Menager |       |       |       |       |    29 |    26 |     2 |       ||    57
       Blink             |       |       |       |       |     6 |     6 |     1 |     1 ||    14
       Swiftness         |       |       |       |       |     6 |     7 |     1 |       ||    14
       Repel Missiles    |       |       |       |       |     2 |     5 |     4 |       ||    11
       Apportation       |       |       |       |       |     1 |     1 |       |       ||     2
       Venom Bolt        |       |       |       |       |       |     9 |    58 |       ||    67
       Shroud of Golubri |       |       |       |       |       |     5 |       |     1 ||     6
       Ozocubu's Refrige |       |       |       |       |       |    28 |   172 |     8 ||   208
       Spellforged Servi |       |       |       |       |       |    15 |    15 |    18 ||    48
       Iskenderun's Batt |       |       |       |       |       |       |     1 |       ||     1
       Haste             |       |       |       |       |       |       |       |    11 ||    11
Invok: Scrying           |       |       |       |       |     3 |     1 |     3 |     2 ||     9
       Transfer Knowledg |       |       |       |       |       |       |       |     2 ||     2
 Abil: Breathe Frost     |       |       |       |     4 |       |     1 |       |       ||     5
       Evoke Teleport Co |       |       |       |       |       |     1 |       |       ||     1
       Evoke Invisibilit |       |       |       |       |       |       |     1 |       ||     1
Evoke: Wand              |       |     1 |     1 |    11 |     3 |    16 |     3 |     5 ||    40
       Lamp of fire      |       |       |       |       |     1 |     1 |     1 |       ||     3
       Stone of tremors  |       |       |       |       |       |     1 |       |       ||     1
       Phial of floods   |       |       |       |       |       |       |     1 |       ||     1
  Use: Scroll            |     5 |     3 |    13 |    16 |    23 |    35 |    16 |     6 ||   117
       Potion            |       |       |     4 |     5 |     2 |    12 |     5 |     6 ||    34
 Stab: Sleeping          |     2 |       |     2 |       |     6 |    11 |    11 |     1 ||    33
       Distracted        |       |       |     1 |     8 |     6 |     3 |     2 |     5 ||    25
       Invisible         |       |       |       |       |       |     5 |       |       ||     5
       Confused          |       |       |       |       |       |     1 |       |       ||     1
